 Dungeon Crawl Stone Soup version 0.17.0-18-gaab0e96 (webtiles) character file.

975 JudasIscariot the Chopper (level 8, 0/74 HPs)
             Began as a Naga Berserker on Nov 11, 2015.
             Was a Priest of Trog.
             Slain by an ogre
             ... wielding a cursed -1 giant spiked club
              (14 damage)
             ... on level 5 of the Dungeon.
             The game lasted 00:15:00 (4081 turns).

JudasIscariot the Chopper (Naga Berserker)          Turns: 4081, Time: 00:15:00

Health: 0/74       AC: 19    Str: 23      XL:     8   Next: 16%
Magic:  8/8        EV:  7    Int:  8      God:    Trog [***...]
Gold:   169        SH:  0    Dex: 12 (13) Spells: 0 memorised, 7 levels left

rFire  . . .     SeeInvis +     r - +2 mace "Demonslayer" {crush, *Corrode rPois rN+}
rCold  . . .     Clarity  .     z - +3 chain mail
rNeg   + . .     SustAt   .     (no shield)
rPois  +         Gourm    .     s - +2 helmet
rElec  .         Spirit   .     k - +0 cloak
rCorr  .         Warding  .     (no gloves)
rMut   .         Stasis   .     (no barding)
MR     +....                    (no amulet)
Stlth  ..........               A - +2 ring of strength
                                v - +2 ring of protection

@: about to teleport, very slow, somewhat resistant to hostile enchantments,
extremely unstealthy
A: slimy green scales 1, see invisible, agile 1, deformed body, deterioration 1,
poison resistance, slowness 2, slow metabolism 1, spit poison 2, AC +2
a: Spit Poison, Berserk, Trog's Hand, Burn Spellbooks, Renounce Religion


You were on level 5 of the Dungeon.
You worshipped Trog.
Trog was most pleased with you.
You were hungry.

You visited 1 branch of the dungeon, and saw 5 of its levels.

You collected 169 gold pieces.

Inventory:

Hand Weapons
 a - a +0 hand axe
 e - a +0 hand axe of chopping
 r - the +2 mace "Demonslayer" (weapon) {crush, *Corrode rPois rN+}
   (You found it on level 5 of the Dungeon)

   It inflicts extra damage upon your enemies.
   It protects you from poison.
   It protects you from negative energy.
   It may corrode your equipment when you take damage.
Missiles
 t - 13 poisoned tomahawks (quivered)
Armour
 k - a +0 cloak (worn)
 s - a +2 helmet (worn)
 u - a +0 chain mail
 z - a +3 chain mail (worn)
Jewellery
 v - a +2 ring of protection (left hand)
 w - an uncursed ring of invisibility
 A - a +2 ring of strength (right hand)
Scrolls
 h - 2 scrolls of immolation
 j - a scroll of enchant weapon {unknown}
 l - 2 scrolls of noise
 q - a scroll of remove curse
 y - a scroll of teleportation
 B - a scroll of fog {unknown}
Potions
 d - a potion of haste {unknown}
 i - 2 potions of agility {unknown}
 m - 3 potions of lignification {unknown}
 n - a potion of flight {unknown}
 p - a potion of cancellation {unknown}
 x - a potion of heal wounds {unknown}
 C - a potion of degeneration {unknown}
Comestibles
 c - 3 bread rations
 f - 2 meat rations
 o - 2 fruits


   Skills:
 * Level 5.3 Fighting
 * Level 5.7(5.8) Axes
 + Level 1.2(3.8) Maces & Flails
 + Level 0.8 Throwing
 * Level 4.7 Armour
 + Level 2.4 Dodging
 + Level 0.4 Stealth


You had 7 spell levels left.
You didn't know any spells.

Dungeon Overview and Level Annotations

Branches:
Dungeon (5/15)             Temple (0/1) D:5

Altars:
Trog
Yredelemnul
Zin

Shops:
D:5 (


Innate Abilities, Weirdness & Mutations

You cannot wear boots.
Your serpentine skin is tough (AC +2).
You have supernaturally acute eyesight.
Armour fits poorly on your strangely shaped body.
Your system is resistant to poisons.
You cover ground very slowly.
You have a slow metabolism.
You can spit poison.
You are partially covered in slimy green scales (AC +2).
You are agile. (Dex +2)
Your body sometimes deteriorates upon taking damage.


Message History

You sock the giant frog zombie!
The giant frog zombie barely misses you.
You hit the giant frog zombie.
The giant frog zombie completely misses you.
The giant frog zombie barely misses you.
You hit the giant frog zombie. The giant frog zombie hits you.
* * * LOW HITPOINT WARNING * * *
Drink which item? (? for menu, Esc to quit)
You feel better.
The giant frog zombie hits you but does no damage. x2
Read which item? (? for menu, Esc to quit)
As you read the scroll of teleportation, it crumbles to dust.
You feel strangely unstable.
The giant frog zombie barely misses you.
You barely miss the giant frog zombie.
The giant frog zombie hits you but does no damage. x2
You thump the giant frog zombie!
You destroy the giant frog zombie!
The ogre hits you with a giant spiked club!
You die...

♣♣♣)♣ ♣♣ ♣..♣♣ ♣... ♣♣
♣.♣♣ .ZO.♣ .♣ ♣)♣♣
♣♣♣♣s..♣ ♣
♣♣.♣♣♣♣...O♣ ♣♣
♣♣.....♣♣♣♣ .♣♣♣
♣♣♣♣...♣ ♣Zs♣♣♣
♣♣..)♣♣♣♣♣♣♣ ♣♣♣..♣♣♣
♣....)O@..$♣
♣♣♣..♣♣♣..♣♣♣♣♣♣♣....♣
♣♣♣....♣♣ ♣♣♣ ♣♣♣♣♣♣


You could see an ogre.

Vanquished Creatures
  A sky beast (D:5)
  An ice beast (D:5)
  2 phantoms (D:5)
  2 ogres (D:5)
  A scorpion (D:5)
  A jelly (D:5)
  A giant frog zombie (D:5)
  An orc wizard (D:3)
  A centaur skeleton (D:5)
  A hound (D:4)
  2 worker ants (D:4)
  A hound skeleton (D:4)
  3 gnolls (D:3)
  9 adders
  An adder skeleton (D:5)
  A worm (D:4)
  3 giant geckos
  11 orcs
  5 ball pythons
  7 bats
  6 giant cockroaches
  4 goblins
  10 hobgoblins
  A quokka (D:2)
  2 giant gecko skeletons
  6 giant newts
  A jackal zombie (D:5)
  6 kobolds
  A quokka zombie (D:5)
  5 rats
97 creatures vanquished.

Notes
Turn   | Place    | Note
--------------------------------------------------------------
     0 | D:1      | JudasIscariot the Naga Berserker began the quest for the Orb.
     0 | D:1      | Reached XP level 1. HP: 21/21 MP: 1/1
   126 | D:1      | Reached XP level 2. HP: 17/28 MP: 2/2
   855 | D:2      | Found a basalt altar of Yredelemnul.
   859 | D:2      | Reached XP level 3. HP: 29/34 MP: 3/3
   898 | D:2      | Found a faded altar to an unknown god.
   929 | D:2      | Reached ** piety under Trog
  1116 | D:2      | Found a glowing silver altar of Zin.
  1603 | D:2      | Reached XP level 4. HP: 40/42 MP: 4/4
  1903 | D:3      | Reached skill level 4 in Axes
  1986 | D:3      | Reached XP level 5. HP: 36/49 MP: 5/5
  2174 | D:3      | Found a bloodstained altar of Trog.
  2212 | D:3      | Reached *** piety under Trog
  2886 | D:4      | Reached XP level 6. HP: 39/57 MP: 6/6
  3477 | D:5      | Entered Level 5 of the Dungeon
  3487 | D:5      | Got an ichor-stained mace
  3488 | D:5      | Identified the cursed +2 mace "Demonslayer" {crush, *Corrode rPois rN+} (You found it on level 5 of the Dungeon)
  3505 | D:5      | Found a staircase to the Ecumenical Temple.
  3529 | D:5      | Gained mutation: Your magical capacity is low (-10% MP). [mutagenic meat]
  3530 | D:5      | Lost mutation: Your magical capacity is low (-10% MP). [mutagenic meat]
  3531 | D:5      | Gained mutation: You are partially covered in slimy green scales (AC +2). [mutagenic meat]
  3532 | D:5      | Gained mutation: You are agile. (Dex +2) [mutagenic meat]
  3533 | D:5      | Gained mutation: Your body sometimes deteriorates upon taking damage. [mutagenic meat]
  3593 | D:5      | Reached skill level 5 in Axes
  3593 | D:5      | Reached XP level 7. HP: 56/66 MP: 7/7
  3728 | D:5      | Reached skill level 5 in Fighting
  3848 | D:5      | Found Tapa's Antique Weapon Emporium.
  4063 | D:5      | Reached XP level 8. HP: 74/74 MP: 8/8
  4071 | D:5      | HP: 3/74 [ogre/giant club (19)]
  4072 | D:5      | Reached skill level 1 in Maces & Flails
  4076 | D:5      | HP: 2/74 [giant frog zombie (3)]
  4081 | D:5      | Slain by an ogre

Action                   |  1- 3 |  4- 6 |  7- 9 || total
-------------------------+-------+-------+-------++-------
Melee: Hand axe          |   125 |   264 |       ||   389
       Mace              |       |    31 |    99 ||   130
Throw: Tomahawk          |       |     2 |       ||     2
Invok: Burn Spellbooks   |       |     1 |       ||     1
       Trog's Hand       |       |       |     1 ||     1
  Use: Scroll            |       |     5 |     2 ||     7
       Potion            |       |       |     2 ||     2
  Eat: Chunk             |     2 |    10 |     1 ||    13
       Fruit             |       |       |     1 ||     1
